 Dungeon Crawl Stone Soup version 0.19.5 (webtiles) character file.

193 Firecrotchwizard the Cudgeler (level 5, -1/32 HPs)
             Began as a Gargoyle Gladiator on Apr 23, 2017.
             Slain by a bullfrog (5 damage)
             ... in a sewer.
             The game lasted 00:08:28 (3225 turns).

Firecrotchwizard the Cudgeler (Gargoyle Gladiator)  Turns: 3225, Time: 00:08:28

Health: -1/32      AC: 10    Str: 18    XL:     5   Next: 72%
Magic:  5/5        EV:  9    Int:  9    God:
Gold:   145        SH:  3    Dex: 11    Spells: 0 memorised, 4 levels left

rFire  . . .     SeeInvis .     a - +0 flail
rCold  . . .     Gourm    .     e - -1 scale mail (curse)
rNeg   + . .     Faith    .     g - +0 buckler
rPois  ∞         Spirit   .     c - +0 helmet
rElec  +         Reflect  .     (no cloak)
rCorr  .         Harm     .     (no gloves)
MR     .....                    (no boots)
Stlth  ..........               (no amulet)
                                (no ring)
                                (no ring)

@: drained
A: negative energy resistance 1, electricity resistance, unbreathing,
petrification resistance, rot immunity, AC +4
a: no special abilities


You were in a sewer.
You were not hungry.

You visited 1 branch of the dungeon, and saw 4 of its levels.
You also visited: Sewer.

You collected 145 gold pieces.

Inventory:

Hand Weapons
 a - a +0 flail (weapon)
 r - a +2 short sword of venom
   (You took it off a kobold on level 3 of the Dungeon)
Missiles
 d - 3 throwing nets {=f, !d}
Armour
 b - a +0 leather armour
 c - a +0 helmet (worn)
 e - a cursed -1 scale mail (worn)
   (You found it on level 1 of the Dungeon)
 g - a +0 buckler (worn)
   (You found it on level 2 of the Dungeon)
 t - a +0 chain mail
   (You took it off Terence on level 3 of the Dungeon)
Scrolls
 i - 3 scrolls of recharging {unknown}
 k - a scroll of noise {unknown}
 o - 2 scrolls of teleportation {unknown}
 q - a scroll of enchant armour {unknown}
 u - a scroll of remove curse {unknown}
 w - a scroll of identify {unknown}
Potions
 h - a potion of lignification {unknown}
 j - a potion of flight {unknown}
 l - a potion of mutation {unknown}
 m - a potion of brilliance {unknown}
 n - a potion of heal wounds {unknown}
 p - 2 potions of degeneration {unknown}
 v - a potion of ambrosia {unknown}
Comestibles
 f - 3 bread rations {@e1}
 s - 2 chunks of flesh {@w0}


   Skills:
 + Level 3.4(2.4) Fighting
 * Level 4.2(3.2) Maces & Flails
 - Level 1.7(0.7) Throwing
 + Level 2.1(1.2) Armour
 - Level 2.7(1.6) Dodging
 * Level 2.3(1.3) Shields


You had 4 spell levels left.
You didn't know any spells.

Dungeon Overview and Level Annotations

Branches:
Dungeon (4/15)
 Temple: D:4-7

Altars:

Annotations:
D:3 HeyBub's ghost, amateur MiFi; Sigmund


Innate Abilities, Weirdness & Mutations

You are resistant to torment.
Your stone body is resilient. (AC +4)
You are immune to poison.
You resist negative energy. (rN+)
You are resistant to electric shocks. (rElec)
You can survive without breathing.
You are immune to petrification.
You are immune to rotting.


Message History

You enter the shallow water.
Moving in this stuff is going to be slow.
The leopard gecko hisses angrily.
You barely miss the giant cockroach. The giant cockroach barely misses you.
You hit the giant cockroach.
You kill the giant cockroach!
You barely miss the leopard gecko.
The leopard gecko splashes around in the water.
You miss the leopard gecko.
The leopard gecko bites you but does no damage.
The leopard gecko closely misses you.
You closely miss the leopard gecko.
The leopard gecko bites you but does no damage.
You hit the leopard gecko. You block the leopard gecko's attack.
The leopard gecko splashes around in the water.
You hit the leopard gecko.
The leopard gecko bites you but does no damage.
You closely miss the leopard gecko. The leopard gecko bites you.
The leopard gecko barely misses you.
You take 2 damage, and have 30/32 hp.
You sock the leopard gecko!
You kill the leopard gecko!
You see here a leopard gecko corpse.
You butcher the leopard gecko corpse.
You hear a splash.
Things that are here:
a chunk of flesh {@w0}; a leopard gecko skeleton The leopard gecko hisses menacingly.
Things that are here:
a chunk of flesh {@w0}; a leopard gecko skeleton There isn't anything to butcher here.
s - 3 chunks of flesh {@w0} (gained 1) Some of the chunks of flesh in your inventory have rotted away.
The leopard gecko hisses menacingly.
Health restored: 32
Found a gate leading back out of this place.
You enter the shallow water.
Moving in this stuff is going to be slow.
Number of times to repeat, then command key: You must enter the number of times for the command to repeat.
You hit the leopard gecko but do no damage.
The leopard gecko splashes around in the water. x2
You miss the leopard gecko.
The leopard gecko hisses menacingly.
The leopard gecko bites you but does no damage.
You barely miss the leopard gecko. You block the leopard gecko's attack.
The leopard gecko barely misses you.
You closely miss the leopard gecko. The leopard gecko barely misses you.
You barely miss the leopard gecko.
The leopard gecko closely misses you. x2
You closely miss the leopard gecko. The leopard gecko barely misses you.
You barely miss the leopard gecko.
The leopard gecko bites you but does no damage.
You block the leopard gecko's attack.
You hit the leopard gecko.
You kill the leopard gecko!
You enter the shallow water.
Moving in this stuff is going to be slow.
Why would you want to do that?
A bullfrog comes into view.
The bullfrog croaks.
A bullfrog comes into view.
The bullfrog barely misses you. The bullfrog hits you.
You take 5 damage, and have 27/32 hp.
The bullfrog barely misses you.
The bullfrog hits you but does no damage.
The bullfrog hits you. x3
You take 8 damage, and have 19/32 hp.
MASSIVE DAMAGE!!
The bullfrog closely misses you.
The bullfrog hits you but does no damage.
The bullfrog closely misses you. The bullfrog hits you.
You take 2 damage, and have 17/32 hp.
The bullfrog barely misses you.
You barely miss the bullfrog. The bullfrog barely misses you.
The bullfrog closely misses you. The bullfrog hits you. x2
You take 4 damage, and have 13/32 hp.
You completely miss the bullfrog. You block the bullfrog's attack.
The bullfrog closely misses you.
The bullfrog hits you but does no damage.
The bullfrog hits you.
You take 3 damage, and have 10/32 hp.
Your shield and scale mail prevent you from hitting the bullfrog.
The bullfrog hits you but does no damage. x2
The bullfrog hits you.
* * * LOW HITPOINT WARNING * * *
The bullfrog hits you but does no damage.
You take 2 damage, and have 8/32 hp.
You barely miss the bullfrog. The bullfrog barely misses you.
The bullfrog hits you.
* * * LOW HITPOINT WARNING * * *
The bullfrog hits you but does no damage.
You block the bullfrog's attack.
You take 2 damage, and have 6/32 hp.
You hit the bullfrog. The bullfrog barely misses you.
The bullfrog completely misses you. The bullfrog hits you.
* * * LOW HITPOINT WARNING * * *
The bullfrog hits you but does no damage.
You take 2 damage, and have 4/32 hp.
You hit the bullfrog. The bullfrog hits you.
You die...

≈≈........................##
≈≈≈≈≈≈≈≈≈≈≈≈≈≈≈≈l≈≈≈≈≈≈≈≈..#
≈≈≈≈≈≈≈≈≈≈≈≈≈≈≈≈≈≈≈≈≈≈≈≈≈≈.#
≈≈≈≈≈≈≈≈≈≈≈≈≈≈≈≈≈≈≈≈≈≈≈≈≈≈.#
≈.........≈≈≈≈≈≈≈÷≈≈..≈≈≈≈.#
######≈≈≈≈≈≈≈≈≈≈≈≈≈≈≈≈.≈≈≈.#
#≈≈≈≈≈≈≈≈≈≈≈≈≈≈≈≈≈≈.≈≈≈≈#
#≈≈≈≈≈≈≈≈≈≈≈≈≈≈≈≈≈≈≈≈≈≈.#
#≈≈≈≈≈≈≈≈≈.≈.≈@F≈≈≈≈≈≈≈≈≈#
#≈≈≈≈≈≈≈≈?≈.≈.≈F≈≈≈≈≈≈≈≈.#
#≈≈≈≈≈≈.(!(≈≈.≈≈≈≈≈≈≈≈≈≈.#
#≈≈≈≈≈≈≈.|...≈≈≈≈≈≈≈≈≈≈≈≈#
#≈≈≈≈≈≈.≈.≈≈...≈≈≈≈≈≈≈≈≈≈#
##≈≈≈≈≈≈≈≈≈≈≈≈∩≈≈≈≈#≈≈≈≈≈#
##≈≈≈≈≈≈≈≈≈≈≈≈≈≈≈##≈≈≈≈.#
≈≈≈≈≈≈≈≈≈####≈≈≈≈.# ≈≈≈≈###
#≈≈≈≈.#


You could see 2 bullfrogs and a leopard gecko.

Vanquished Creatures
  Terence (D:3)
  8 adders
  An ooze (D:2)
  A worm (D:3)
  A dart slug (D:1)
  5 leopard geckos
  An orc (D:3)
  4 ball pythons
  4 bats
  10 giant cockroaches
  6 goblins
  11 hobgoblins
  7 jackals
  6 kobolds
  8 frilled lizards
  6 rats
80 creatures vanquished.

Notes
Turn   | Place    | Note
-------+----------+-------------------------------------------
     0 | D:1      | Firecrotchwizard the Gargoyle Gladiator began the quest for the Orb.
     0 | D:1      | Reached XP level 1. HP: 12/12 MP: 1/1
    59 | D:1      | Reached XP level 2. HP: 17/17 MP: 2/2
   218 | D:1      | Reached skill level 1 in Armour
   766 | D:1      | Reached XP level 3. HP: 22/22 MP: 3/3
  1168 | D:2      | Reached skill level 3 in Fighting
  1485 | D:2      | Reached XP level 4. HP: 28/28 MP: 4/4
  1896 | D:2      | Found a faded altar of an unknown god.
  1901 | D:2      | Reached skill level 1 in Shields
  1995 | D:3      | Noticed HeyBub's ghost (amateur MiFi)
  2006 | D:3      | HP: 7/28 [HeyBub's ghost (9)]
  2399 | D:3      | Noticed Terence
  2431 | D:3      | Killed Terence
  2431 | D:3      | Reached XP level 5. HP: 32/32 MP: 5/5
  2470 | D:2      | Reached skill level 4 in Maces & Flails
  2686 | D:3      | Reached skill level 2 in Armour
  2695 | D:3      | Reached skill level 2 in Shields
  2769 | D:3      | Noticed Sigmund
  2797 | D:4      | Found a glowing drain.
  2886 | Sewer    | Entered a sewer
  3222 | Sewer    | HP: 8/32 [bullfrog (3)]
  3225 | Sewer    | Slain by a bullfrog

Skill      XL: |  1  2  3  4  5 |
---------------+----------------+-----
Armour         | 1 2 |  2.1
Fighting       | 3 |  3.4
Shields        | 1 2 |  2.3
Maces & Flails | 4 |  4.2
Throwing       | |  1.7
Dodging        | |  2.7

Action                   |  1- 3 |  4- 6 || total
-------------------------+-------+-------++-------
Melee: Flail             |   103 |   238 ||   341
  Eat: Chunk             |     2 |     6 ||     8
Armor: Scale mail        |    58 |   214 ||   272
Dodge: Dodged            |    64 |   165 ||   229
Block: Buckler           |       |    55 ||    55

Vault maps used:
D:1:      dpeg_arrival_morbid_curiosity, solitary_fountain
D:2:      ecumenical_altar_2, minmay_misc_feat_iff
D:3:      uniq_terence, uniq_sigmund
D:4:      first_bread, portal_sewer_entry_f, nicolae_qazlal_style_of_elements
Sewer:    sewer_frog_island_01

Table legend:
 A = Turns spent in this place as a percentage of turns spent in the entire game.
 B = Non-inter-level travel turns spent in this place as a percentage of non-inter-level travel turns spent in the entire game.
 C = Inter-level travel turns spent in this place as a percentage of turns spent in this place.
 D = Turns resting spent in this place as a percentage of non-inter-level travel turns spent in this place.
 E = Turns spent auto-exploring this place as a percentage of non-inter-level travel turns spent in this place.
 F = Non-inter-level travel turns spent in this place divided by the number of levels of this place that you've seen.
                   A       B       C       D       E      F
               +-------+-------+-------+-------+-------+----------------------
         Total | 100.0 | 100.0 |   0.5 |   2.2 |   9.5 | 162.2
       Dungeon |  80.2 |  80.1 |   0.6 |   2.2 |  11.2 | 162.5
         Sewer |  19.8 |  19.9 |   0.0 |   2.5 |   2.5 | 161.0
               +-------+-------+-------+-------+-------+----------------------

Table legend:
 A = Kills in this place as a percentage of kills in entire the game.
 B = Kills by you in this place as a percentage of kills by you in the entire game.
 C = Kills by friends in this place as a percentage of kills by friends in the entire game.
 D = Other kills in this place as a percentage of other kills in the entire game.
 E = Experience gained in this place as a percentage of experience gained in the entire game.
 F = Experience gained in this place divided by the number of levels of this place that you have seen.
                   A       B       C       D       E      F
               +-------+-------+-------+-------+-------+----------------------
         Total | 100.0 | 100.0 |  -nan |  -nan | 100.0 |  55.4
       Dungeon |  82.5 |  82.5 |  -nan |  -nan |  86.3 |  59.8
         Sewer |  17.5 |  17.5 |  -nan |  -nan |  13.7 |  38.0
               +-------+-------+-------+-------+-------+----------------------
